 Dungeon Crawl Stone Soup version 0.31-a0-640-g39d97e502b (webtiles) character file.

Game seed: 11041009489584150909

1087 qw the Skirmisher (level 8, 0/49 HPs)
             Began as a Gargoyle Hunter on Aug 27, 2023.
             Was an Initiate of Okawaru.
             Slain by Maggie
             ... wielding a +2 war axe of draining
              (10 damage)
             ... on level 6 of the Dungeon.
             The game lasted 00:02:02 (5059 turns).

qw the Skirmisher (Gargoyle Hunter)                 Turns: 5059, Time: 00:02:03

Health: 0/49       AC:  9    Str: 16    XL:     8   Next: 30%
Magic:  8/8        EV: 12    Int:  9    God:    Okawaru [......]
Gold:   341        SH:  0    Dex: 15    Spells: 7/7 levels left

rFire   + . .        Y - +0 shortbow
rCold   + . .        (shield currently unavailable)
rNeg    + . .        o - +1 robe {Will+}
rPois   inf          (no helmet)
rElec   +            n - scarf {rC+ rF+}
rCorr   .            (no gloves)
SInv    .            l - +0 pair of boots
Will    +....        (no amulet)
Stlth   ++           (no ring)
HPRegen 0.28/turn    (no ring)
MPRegen 0.11/turn

%: no passive effects
@: no status effects
A: sickness immunity, AC +5, negative energy resistance 1, electricity
resistance, torment resistance 1, petrification resistance
a: Renounce Religion


You were on level 6 of the Dungeon.
You worshipped Okawaru.
Okawaru was noncommittal.
You visited 2 branches of the dungeon, and saw 7 of its levels.

You collected 341 gold pieces.


Innate Abilities, Weirdness & Mutations

You are immune to sickness and miasma.
Your stone body is resilient. (AC +5)
You are immune to poison.
You resist negative energy. (rN+)
You are resistant to electric shocks. (rElec)
You are resistant to unholy torment.
You are immune to petrification.


   Skills:
 - Level 5.2 Fighting
 + Level 8.5 Ranged Weapons
 - Level 2.6 Armour
 - Level 2.6 Dodging
 - Level 1.1 Stealth


You had 7 spell levels left.
You didn't know any spells.
Your spell library was empty.

Inventory:

Hand Weapons
 Y - a +0 shortbow (weapon)
Armour
 e - a +0 ring mail
 g - a +0 cloak
 l - a +0 pair of boots (worn)
 n - a scarf of resistance (worn)
 o - a +1 robe of willpower (worn)
Jewellery
 h - a ring of fire
Scrolls
 b - a scroll of identify
Potions
 c - a potion of mutation {unknown}
 d - a potion of cancellation {unknown}
 f - 6 potions of curing
 i - a potion of might {unknown}
 j - a potion of haste
 k - a potion of attraction {unknown}
 m - a potion of brilliance {unknown}

Dungeon Overview and Level Annotations

Branches:
Dungeon (6/15)             Temple (1/1) D:6

Altars:
Ashenzari
Cheibriados
Elyvilon
Fedhas
Gozag
Hepliaklqana
Kikubaaqudgha
Makhleb
Nemelex Xobeh
Okawaru
Qazlal
Sif Muna
Trog
Uskayaw
Wu Jian
Xom
Yredelemnul

Shops:
D:1 (

Annotations:
D:4 2 runed translucent doors, qw's ghost, amateur MiHs
D:6 2 transporters, Maggie; qw's ghost, novice MiHs


Message History

Maggie is moderately wounded.
Maggie hits you with a +2 war axe of draining.
You shoot an arrow. The arrow barely misses Maggie.
Maggie hits you with a +2 war axe of draining!
5048 ||| DRINKING potion of heal wounds.
You feel much better.
Maggie hits you with a +2 war axe of draining.
You shoot an arrow. The arrow hits Maggie.
Maggie is moderately wounded.
Maggie hits you with a +2 war axe of draining.
You shoot an arrow. The arrow closely misses Maggie.
Maggie mumbles some strange words.
Maggie attempts to bespell you! You resist with almost no effort.
You shoot an arrow. The arrow closely misses Maggie.
Maggie hits you with a +2 war axe of draining!
You shoot an arrow. The arrow hits Maggie.
Maggie is heavily wounded.
Maggie misses you.
You shoot an arrow. The arrow closely misses Maggie.
Maggie barely misses you.
You shoot an arrow.
The arrow hits Maggie but does no damage.
Maggie is heavily wounded.
Maggie closely misses you.
You shoot an arrow. The arrow barely misses Maggie.
Maggie barely misses you.
You shoot an arrow. The arrow hits Maggie.
Maggie is heavily wounded.
Maggie gestures wildly while chanting.
Maggie attempts to bespell you! You resist with almost no effort.
You shoot an arrow. The arrow barely misses Maggie.
Maggie mumbles some strange words.
Maggie attempts to bespell you! You resist with some effort.
You shoot an arrow. The arrow hits Maggie.
Maggie is heavily wounded.
Maggie completely misses you.
You shoot an arrow. The arrow hits Maggie.
Maggie is heavily wounded.
Maggie hits you with a +2 war axe of draining!
You die...

#.# # #.#.### #.###...#.. #.# #.
##.#.# #.# ##.####
#######.###.##....#####.# #.#
.........##....#........# #.#
~.#####..####.###.####### ##'##
~.# #..# #..#..# ##...##
..#####..# #...### ##.....##
~.##.....# ###.#.## ##.......#
0.....##.# #@@..# #.........
ยค...................[..+.........
#.#...##.#######....####.........
#........# #.#.## #.........
#####.#### #.### #.......^.. #...
..# #...####### ..... .##
#..##8.oW5o ..... . ..#....oW. ...
.#..#...#


You could see Maggie.

Vanquished Creatures
  A steam dragon (D:6)
  A black bear (D:5)
  2 sky beasts (D:6)
  An ice beast (D:5)
  A kobold brigand (D:6)
  A scorpion (D:6)
  A howler monkey (D:5)
  3 hounds
  3 sleepcaps
  4 iguanas
  2 adders
  2 white imps (D:5)
  3 ufetubi (D:5)
  A worm (D:3)
  10 dart slugs
  2 orcs
  6 ball pythons
  10 endoplasms
  3 giant cockroaches (D:1)
  6 goblins
  3 hobgoblins
  2 jackals (D:4)
  9 kobolds
  6 quokkas
  3 bats
  3 frilled lizards
  2 rats (D:2)
91 creatures vanquished.

Notes
Turn   | Place    | Note
-------+----------+-------------------------------------------
     0 | D:1      | qw the Gargoyle Hunter began the quest for the Orb.
     0 | D:1      | Reached XP level 1. HP: 12/12 MP: 1/1
     0 | D:1      | 0 ||| qw: Version: 0.3-a-74-g0d5e918
     0 | D:1      | 0 ||| qw: Game counter: 22
     0 | D:1      | 0 ||| qw: Melee chars always use a shield: true
     0 | D:1      | 0 ||| qw: God list: Okawaru
     0 | D:1      | 0 ||| qw: Allow faded altars: false
     0 | D:1      | 0 ||| qw: Do Orc after clearing Dungeon:15 true
     0 | D:1      | 0 ||| qw: Do second Lair branch before Depths: true
     0 | D:1      | 0 ||| qw: Lair rune preference: random
     0 | D:1      | 0 ||| qw: Goals: Normal
     0 | D:1      | 0 ||| PLANNING D:1-11
   163 | D:1      | Reached XP level 2. HP: 17/17 MP: 2/2
   329 | D:1      | Found Ocsos's Weapon Boutique.
   341 | D:1      | 341 ||| SHOPLISTING +2 heavy orcbow (183 gold, have 26).
   445 | D:1      | Reached XP level 3. HP: 21/21 MP: 3/3
   644 | D:1      | 644 ||| READING scroll labelled USTE QINTEULL.
   645 | D:1      | 645 ||| READING scroll labelled GOETUIV TENUW.
   646 | D:1      | 646 ||| READING scroll labelled PEVU TEXYGEIJE.
   647 | D:1      | 647 ||| DROPPING scroll of butterflies.
   728 | D:2      | 728 ||| Stepping ~*~*~tactically~*~*~ (outnumbered).
   731 | D:2      | 731 ||| Stepping ~*~*~tactically~*~*~ (outnumbered).
   736 | D:2      | Reached skill level 5 in Ranged Weapons
  1237 | D:2      | 1237 ||| READING scroll labelled KUINUYSUIM.
  1238 | D:2      | 1238 ||| READING scroll labelled NAOJOZXANI.
  1243 | D:2      | 1243 ||| DRINKING 4 sapphire potions.
  1438 | D:3      | HP: 5/22 [iguana (1)]
  1440 | D:3      | HP: 1/22 [iguana (2)]
  1444 | D:3      | Reached skill level 3 in Fighting
  1444 | D:3      | Reached XP level 4. HP: 2/28 MP: 4/4
  1517 | D:3      | 1517 ||| FLEEEEING.
  1589 | D:3      | Found an ornate altar of the Wu Jian Council.
  1624 | D:3      | Found a faded altar of an unknown god.
  2015 | D:3      | 2015 ||| READING scroll labelled JEETIS LODWYT.
  2038 | D:4      | 2038 ||| Stepping ~*~*~tactically~*~*~ (outnumbered).
  2050 | D:4      | 2050 ||| FLEEEEING.
  2051 | D:4      | 2051 ||| STAIRDANCE
  2080 | D:4      | 2080 ||| STAIRDANCE
  2091 | D:4      | 2091 ||| STAIRDANCE
  2244 | D:4      | Found a white marble altar of Elyvilon.
  2324 | D:4      | Reached XP level 5. HP: 16/32 MP: 5/5
  2390 | D:4      | Found a burning altar of Makhleb.
  2449 | D:4      | Reached skill level 6 in Ranged Weapons
  2894 | D:4      | Found a large runed translucent door.
  2894 | D:4      | Found a large runed translucent door.
  2898 | D:4      | Noticed qw's ghost (amateur MiHs)
  2956 | D:4      | Found a basalt altar of Yredelemnul.
  3059 | D:4      | 3059 ||| UPGRADING to +0 cloak.
  3064 | D:4      | 3064 ||| DROPPING amulet of magic regeneration.
  3065 | D:4      | 3065 ||| DROPPING +6 ring of intelligence.
  3066 | D:4      | 3066 ||| READING scroll labelled BEOR IRAMIOTTU.
  3067 | D:4      | 3067 ||| READING scroll labelled HIAROL ARERO.
  3100 | D:5      | Entered Level 5 of the Dungeon
  3105 | D:5      | 3105 ||| STAIRDANCE
  3112 | D:4      | HP: 8/33 [sleepcap (4)]
  3118 | D:4      | HP: 7/33 [sleepcap (2)]
  3124 | D:4      | Reached skill level 1 in Armour
  3124 | D:4      | Reached XP level 6. HP: 6/38 MP: 6/6
  3455 | D:5      | Reached skill level 7 in Ranged Weapons
  3485 | D:5      | Noticed an ice beast
  3494 | D:5      | Killed an ice beast
  3495 | D:5      | Reached XP level 7. HP: 31/43 MP: 7/7
  3773 | D:5      | Noticed a +0 hand axe
  3773 | D:5      | Noticed a +0 dagger
  3777 | D:5      | Found a hide-covered altar of Uskayaw.
  3847 | D:5      | HP: 4/43 [iguana (10)]
  3848 | D:5      | 3848 ||| READING scroll of teleportation.
  4167 | D:5      | 4167 ||| UPGRADING to +0 ring mail.
  4177 | D:5      | 4177 ||| DROPPING +0 leather armour.
  4178 | D:5      | 4178 ||| UPGRADING to +0 pair of boots.
  4183 | D:5      | 4183 ||| UPGRADING to scarf of resistance.
  4193 | D:5      | 4193 ||| DRINKING 2 fizzy yellow potions.
  4194 | D:5      | 4194 ||| READING 2 scrolls of identify.
  4194 | D:5      | 4194 ||| IDENTIFYING white potion
  4210 | D:6      | Found a shimmering blue altar of Sif Muna.
  4368 | D:6      | Reached skill level 8 in Ranged Weapons
  4410 | D:6      | 4410 ||| Stepping ~*~*~tactically~*~*~ (retreating).
  4420 | D:6      | 4420 ||| Stepping ~*~*~tactically~*~*~ (retreating).
  4421 | D:6      | 4421 ||| Stepping ~*~*~tactically~*~*~ (retreating).
  4440 | D:6      | Reached XP level 8. HP: 30/49 MP: 8/8
  4495 | D:6      | 4495 ||| FLEEEEING.
  4496 | D:6      | 4496 ||| FLEEEEING.
  4497 | D:6      | 4497 ||| FLEEEEING.
  4498 | D:6      | 4498 ||| FLEEEEING.
  4499 | D:6      | 4499 ||| FLEEEEING.
  4500 | D:6      | 4500 ||| FLEEEEING.
  4501 | D:6      | 4501 ||| FLEEEEING.
  4504 | D:6      | 4504 ||| FLEEEEING.
  4505 | D:6      | 4505 ||| FLEEEEING.
  4506 | D:6      | 4506 ||| FLEEEEING.
  4507 | D:6      | 4507 ||| FLEEEEING.
  4508 | D:6      | 4508 ||| FLEEEEING.
  4509 | D:6      | 4509 ||| FLEEEEING.
  4510 | D:6      | 4510 ||| FLEEEEING.
  4511 | D:6      | 4511 ||| STAIRDANCE
  4630 | D:6      | Found a staircase to the Ecumenical Temple.
  4631 | D:6      | 4631 ||| PLANNING TEMPLE
  4639 | Temple   | Found a transporter.
  4639 | Temple   | Found a transporter.
  4639 | Temple   | Found a transporter.
  4639 | Temple   | Found a transporter.
  4639 | Temple   | Entered the Ecumenical Temple
  4640 | Temple   | 4640 ||| PLANNING D:1-11
  4648 | Temple   | 4648 ||| PLANNING OKAWARU WORSHIP
  4651 | Temple   | Became a worshipper of Warmaster Okawaru
  4652 | Temple   | 4652 ||| PLANNING D:1-11
  4788 | D:6      | Found a transporter.
  4791 | D:6      | Noticed qw's ghost (novice MiHs)
  4804 | D:6      | 4804 ||| UPGRADING to +1 robe of willpower.
  4837 | D:6      | Found a transporter.
  5031 | D:6      | Noticed Maggie
  5047 | D:6      | HP: 4/49 [Maggie/+2 war axe of draining (11)]
  5048 | D:6      | 5048 ||| DRINKING potion of heal wounds.
  5059 | D:6      | Slain by Maggie

Levels and vault maps discovered:
D:1:      dpeg_arrival_tiny_c, layout_loops_ring, serial_shops,
          nicolae_shop_scrapyard, minmay_cupped
D:2:      layout_basic
D:3:      layout_loops_cross, old_standard_altar,
          chequers_ecumenical_altar_simple
D:4:      kennysheep_slugbush, layout_loops_ring, kennysheep_ying_yang,
          bloody_makhleb, ebering_ghost_disaster_area
D:5:      layout_loops_ring, dancing_weapons_uskayaw, minmay_starry_boxes
D:6:      layout_loops_corners, nicolae_sif_muna_condensation,
          minmay_temple_entry_large_hall, gammafunk_ghost_arena, uniq_maggie
Temple:   hellmonk_temple_divided_pantheon

Skill      XL: |  1  2  3  4  5  6  7  8 |
---------------+-------------------------+-----
Ranged Weapons | 5 6 7 8 |  8.5
Fighting       | 3 4 5 |  5.2
Armour         | 1 2 |  2.6
Dodging        | 2 |  2.6
Stealth        | |  1.1

Action                     |  1- 3 |  4- 6 |  7- 9 || total
---------------------------+-------+-------+-------++-------
   Fire: Shortbow          |   119 |   201 |   174 ||   494
    Use: Scroll            |     5 |     3 |     2 ||    10
         Potion            |     1 |       |     2 ||     3
 Armour: Leather armour    |    14 |    48 |    10 ||    72
         Ring mail         |       |       |    43 ||    43
         Robe              |       |       |     9 ||     9
  Dodge: Dodged            |    29 |    76 |    60 ||   165

Table legend:
 A = Non-vault XP
 B = Vault XP
 C = Vault XP percentage of total XP
 D = Non-vault monster count
 E = Vault monster count
 F = Vault count percentage of total count
                 A         B        C        D         E       F
            +---------+---------+-------+---------+---------+-------
      Total |    1431 |     123 |   7.9 |      79 |      12 |  13.2
            +---------+---------+-------+---------+---------+-------
        D:1 |      31 |       4 |  11.4 |      16 |       2 |  11.1
        D:2 |      11 |       0 |   0.0 |       7 |       0 |   0.0
        D:3 |      58 |       0 |   0.0 |      12 |       0 |   0.0
        D:4 |     203 |      28 |  12.1 |      19 |       7 |  26.9
        D:5 |     437 |      91 |  17.2 |      11 |       3 |  21.4
        D:6 |     691 |       0 |   0.0 |      14 |       0 |   0.0
            +---------+---------+-------+---------+---------+-------
